 Dungeon Crawl Stone Soup version 0.18.1-50-g88ac8fd (console) character file.

513 Kloppie the Spear-Bearer (level 7, -4/57 HPs)
             Began as a Merfolk Berserker on Oct 8, 2016.
             Was a Priest of Trog.
             Slain by a water moccasin (5 damage)
             ... on level 4 of the Dungeon.
             The game lasted 00:04:19 (2960 turns).

Kloppie the Spear-Bearer (Merfolk Berserker)        Turns: 2960, Time: 00:04:19

Health: -4/57      AC:  7    Str: 17    XL:     7   Next: 20%
Magic:  7/7        EV: 10    Int:  7    God:    Trog [***...]
Gold:   157        SH:  0    Dex: 15    Spells: 0 memorised, 6 levels left

rFire  + . .     SeeInvis .     a - +0 spear
rCold  . . .     Gourm    .     l - +0 scale mail
rNeg   . . .     Faith    .     (no shield)
rPois  .         Spirit   .     (no helmet)
rElec  .         Dismiss  .     t - +0 cloak
rCorr  .         Reflect  .     (no gloves)
SustAt .         Harm     .     (no boots)
MR     ++...                    (no amulet)
Stlth  ..........               (no ring)
                                j - ring of protection from fire

@: lethally poisoned (-4 -> -8), exhausted, regenerating, very resistant to
hostile enchantments, extremely unstealthy
A: change form in water, swift swim
a: Berserk, Trog's Hand, Burn Spellbooks, Renounce Religion


You were on level 4 of the Dungeon.
You worshipped Trog.
Trog was most pleased with you.
You were not hungry.

You visited 1 branch of the dungeon, and saw 4 of its levels.

You collected 157 gold pieces.

Inventory:

Hand Weapons
 a - a +0 spear (weapon)
Armour
 l - a +0 scale mail (worn)
 t - a +0 cloak (worn)
Jewellery
 b - an uncursed ring of poison resistance {unknown}
 j - a ring of protection from fire (left hand)
Scrolls
 d - 2 scrolls of remove curse
 h - a scroll of recharging {unknown}
 i - a scroll of teleportation {unknown}
 o - 2 scrolls of enchant armour {unknown}
 q - 3 scrolls of identify {unknown}
 r - a scroll of blinking {unknown}
Potions
 e - 3 potions of curing {unknown}
 f - a potion of might {unknown}
 g - 2 potions of cancellation {unknown}
 k - a potion of haste {unknown}
 m - a potion of heal wounds {unknown}
 p - a potion of invisibility {unknown}
 s - a potion of agility {unknown}
Comestibles
 c - 2 bread rations


   Skills:
 + Level 5.6 Fighting
 + Level 8.0 Polearms
 + Level 3.1 Armour
 - Level 2.6 Dodging


You had 6 spell levels left.
You didn't know any spells.

Dungeon Overview and Level Annotations

Branches:
Dungeon (4/15)
 Temple: D:4-7

Altars:
Ashenzari


Message History

You miss the water moccasin.
The water moccasin is severely wounded.
You feel sick. The water moccasin closely misses you.
Eat which item? (? for menu, Esc to quit)
You feel very sick. The water moccasin bites you.
* * * LOW HITPOINT WARNING * * *
The water moccasin misses you.
You continue eating.
You feel sick. The water moccasin bites you.
* * * LOW HITPOINT WARNING * * *
You continue eating.
* * * LOW HITPOINT WARNING * * *
You feel very sick. The water moccasin barely misses you.
You finish eating.
That bread ration really hit the spot!
You feel sick. The water moccasin bites you.
* * * LOW HITPOINT WARNING * * *
The water moccasin bites you.
You die...

#<..#.########
.###.#.........
...............
.###.##........
#.#.##........
#.............
#.#.#.........
########.#......
##@#.#.#..#######
#.S.#.###.#
#.####.#..# #.
#.###.# #.
##.#.)# #. ##.#.#
#. ###.# #. ..#
## .##


You could see a water moccasin.

Vanquished Creatures
  Sigmund (D:2)
  A sky beast (D:4)
  3 orc priests (D:3)
  Crazy Yiuf (D:3)
  Jessica (D:3)
  4 adders
  2 worms
  13 orcs (D:3)
  A ball python (D:3)
  2 giant cockroaches
  9 goblins
  5 hobgoblins (D:2)
  3 quokkas
  9 bats
  3 giant newts
  7 kobolds
  10 rats
75 creatures vanquished.

Vanquished Creatures (others)
  4 toadstools (D:1)
4 creatures vanquished.

Grand Total: 79 creatures vanquished

Notes
Turn   | Place    | Note
--------------------------------------------------------------
     0 | D:1      | Kloppie the Merfolk Berserker began the quest for the Orb.
     0 | D:1      | Reached XP level 1. HP: 18/18 MP: 1/1
    92 | D:1      | Found a shattered altar of Ashenzari.
   381 | D:1      | Reached XP level 2. HP: 22/24 MP: 2/2
   624 | D:2      | Reached skill level 5 in Polearms
   705 | D:2      | Reached XP level 3. HP: 14/30 MP: 3/3
  1259 | D:2      | Noticed Sigmund
  1273 | D:2      | Killed Sigmund
  1273 | D:2      | Reached ** piety under Trog
  1273 | D:2      | Reached skill level 6 in Polearms
  1273 | D:2      | Reached XP level 4. HP: 35/38 MP: 4/4
  1273 | D:2      | Reached XP level 5. HP: 40/43 MP: 5/5
  1877 | D:3      | Reached XP level 6. HP: 50/50 MP: 6/6
  1926 | D:3      | Reached skill level 5 in Fighting
  2036 | D:3      | Reached skill level 7 in Polearms
  2209 | D:3      | Noticed Jessica
  2213 | D:3      | Killed Jessica
  2429 | D:3      | Reached *** piety under Trog
  2640 | D:3      | Noticed Crazy Yiuf
  2646 | D:3      | Killed Crazy Yiuf
  2898 | D:4      | Noticed a sky beast
  2915 | D:4      | Killed a sky beast
  2915 | D:4      | Reached skill level 8 in Polearms
  2915 | D:4      | Reached XP level 7. HP: 57/57 MP: 7/7
  2960 | D:4      | HP: 1/57 [water moccasin (5)]
  2960 | D:4      | Slain by a water moccasin

Skill      XL: |  1  2  3  4  5  6 |
---------------+-------------------+-----
Polearms       | 5 6 8 |  8.0
Fighting       | 4 5 |  5.6
Armour         | 2 3 |  3.1
Dodging        | |  2.6

Action                   |  1- 3 |  4- 6 |  7- 9 || total
-------------------------+-------+-------+-------++-------
Melee: Spear             |   102 |   194 |    23 ||   319
Invok: Berserk           |     3 |     5 |       ||     8
       Trog's Hand       |       |     1 |     1 ||     2
  Use: Scroll            |       |     1 |       ||     1
 Stab: Sleeping          |     1 |       |       ||     1
  Eat: Chunk             |     3 |    10 |       ||    13
       Bread ration      |       |       |     1 ||     1
Armor: Animal skin       |     6 |       |       ||     6
       Scale mail        |     4 |    31 |     6 ||    41
Dodge: Dodged            |    45 |    46 |    21 ||   112
